 Dungeon Crawl Stone Soup version 0.28.0-53-g5a82cb258f (webtiles) character file.

Game seed: 13634517251805533043

67 Zeld the Conjurer (level 4, 0/24 HPs)
             Began as a Gargoyle Conjurer on June 2, 2022.
             Slain by a goblin
             ... wielding a +0 club
             ... led by Robin
              (3 damage)
             ... on level 3 of the Dungeon.
             The game lasted 00:03:40 (2832 turns).

Zeld the Conjurer (Gargoyle Conjurer)               Turns: 2832, Time: 00:03:42

Health: 0/24       AC:  6    Str: 11    XL:     4   Next: 16%
Magic:  0/8        EV: 11    Int: 20    God:
Gold:   49         SH:  0    Dex:  8    Spells: 5/8 levels left

rFire   . . .      SeeInvis .   (no weapon)
rCold   . . .      Faith    .   (no shield)
rNeg    + . .      Spirit   .   a - +0 robe
rPois   ∞          Reflect  .   (no helmet)
rElec   +          Harm     .   (no cloak)
rCorr   .          Rampage  .   (no gloves)
Will    .....                   f - +0 pair of boots
Stlth   ++........              (no amulet)
HPRegen 0.08/turn               (no ring)
MPRegen 0.11/turn               (no ring)

@: no status effects
A: sickness immunity, AC +3, negative energy resistance 1, electricity
resistance, torment resistance 1, petrification resistance
a: no special abilities


You were on level 3 of the Dungeon.
You visited 1 branch of the dungeon, and saw 3 of its levels.

You collected 49 gold pieces.

Inventory:

Missiles
 l - 27 bolts
Armour
 a - a +0 robe (worn)
 f - a +0 pair of boots (worn)
Scrolls
 b - a scroll of magic mapping {unknown}
 e - a scroll of blinking {unknown}
 g - a scroll of teleportation {unknown}
 i - a scroll of amnesia {unknown}
 j - a scroll of identify {unknown}
Potions
 c - a potion of ambrosia {unknown}
 d - a potion of cancellation {unknown}
 h - a potion of heal wounds {unknown}
 k - a potion of lignification {unknown}


   Skills:
 - Level 1.5 Dodging
 - Level 2.1 Stealth
 * Level 2.7 Spellcasting
 + Level 4.6 Conjurations
 * Level 1.5 Hexes
 * Level 1.5 Translocations


You had 5 spell levels left.
You knew the following spells:

 Your Spells              Type           Power      Damage    Failure   Level
a - Magic Dart            Conj           84%        1d7       2%          1
b - Searing Ray           Conj           42%        2d6       3%          2

Your spell library contained the following spells:

 Spells                   Type           Power      Damage    Failure   Level
 Dazzling Flash           Conj/Hex       30%        N/A       12%         3
 Fulminant Prism          Conj/Hex       7%         3d7       38%         4
 Iskenderun's Mystic Bla  Conj/Tloc      15%        2d5       38%         4


Dungeon Overview and Level Annotations

Branches:
Dungeon (3/15)

Altars:
The Shining One

Annotations:
D:3 Robin


Innate Abilities, Weirdness & Mutations

You are immune to sickness and miasma.
Your stone body is resilient. (AC +3)
You are immune to poison.
You resist negative energy. (rN+)
You are resistant to electric shocks. (rElec)
You are resistant to unholy torment.
You are immune to petrification.


Message History

You hit the goblin but do no damage.
The goblin is severely wounded.
The goblin barely misses you.
You hit the goblin but do no damage.
The goblin is severely wounded.
The goblin hits you with a +0 club. The goblin closely misses you.
You barely miss the goblin.
The goblin is severely wounded.
The goblin hits you with a +0 club.
* * * LOW HITPOINT WARNING * * *
The goblin hits you but does no damage.
You hit the goblin.
You kill the goblin!
The goblin hits you but does no damage.
Casting: Searing Ray (safe; 3% risk of failure)
Confirm with . or Enter, or press ? or * to list all spells.
Aiming: Magic Dart (safe; 2% risk of failure)
Press: ? - help, Shift-Dir - straight line, f - goblin, p - Robin
Aim: a goblin, wielding a +0 dagger (strong, 100% to hit)
The magic dart hits the goblin.
You kill the goblin!
The goblin closely misses you.
Unknown command.
Robin throws the goblin at you! The goblin barely misses you.
Things that are here:
a +0 dagger; a +0 club You hit the goblin.
The goblin is moderately wounded.
The goblin misses you.
You closely miss the goblin.
The goblin is moderately wounded.
The goblin hits you but does no damage.
You barely miss the goblin.
The goblin is moderately wounded.
The goblin no longer looks unusually strong.
Robin says, "Kneel, worm!"
Robin hits you with a +0 dagger.
* * * LOW HITPOINT WARNING * * *
The goblin hits you with a +0 club.
You die...

### ###'####
#.#............. ####
#.# #.###.####)####.
...# #.# #.# #<........
##.# #.# #. #####.####
...#.######.# ...
####.....##.#### ....#
................ ....#
.......#.##.############
....#
............††)g@g.....+
.....
.....#.###..############
..... ######......##
.......#..#g.#
######.#..#..##
#...###..## ##..##
##.g## ##..## ##..##
###..##.....##.g###
#####


You could see Robin and a goblin.

Vanquished Creatures
  A white imp (D:3)
  2 dart slugs
  2 bats (D:1)
  5 endoplasms
  8 goblins
  8 hobgoblins
  4 jackals
  3 quokkas (D:1)
  4 ball pythons
  4 frilled lizards
  3 kobolds
  3 rats
47 creatures vanquished.

Notes
Turn   | Place    | Note
-------+----------+-------------------------------------------
     0 | D:1      | Zeld the Gargoyle Conjurer began the quest for the Orb.
     0 | D:1      | Reached XP level 1. HP: 10/10 MP: 3/3
   198 | D:1      | Reached XP level 2. HP: 15/15 MP: 1/5
   281 | D:1      | Learned a level 2 spell: Searing Ray
   446 | D:1      | Found a faded altar of an unknown god.
   617 | D:1      | Reached skill level 1 in Hexes
  1011 | D:2      | Reached skill level 1 in Translocations
  1011 | D:2      | Reached XP level 3. HP: 19/19 MP: 0/6
  2721 | D:3      | Found a glowing golden altar of the Shining One.
  2788 | D:3      | Noticed Robin
  2816 | D:3      | Reached XP level 4. HP: 18/24 MP: 7/7
  2832 | D:3      | Slain by a goblin

Illustrated notes

Levels and vault maps discovered:
D:1:      dpeg_arrival_radiant, layout_basic, nicolae_ecumenical_lake_church
D:2:      layout_loops_corners
D:3:      layout_basic, mainiacjoe_overflow_tiny_flanked, tso_metal_star,
          nicolae_ru_sacrificial_ziggurat, minmay_misc_feat_enclosed,
          uniq_sigmund, uniq_robin

Skill      XL: |  1  2 |
---------------+-------+-----
Hexes          | 1 |  1.5
Translocations | 1 |  1.5
Dodging        | |  1.5
Stealth        | |  2.1
Spellcasting   | |  2.7
Conjurations   | |  4.6

Action                   |  1- 3 |  4- 6 || total
-------------------------+-------+-------++-------
Melee: Unarmed           |    31 |     8 ||    39
 Cast: Magic Dart        |    48 |     1 ||    49
       Searing Ray       |    16 |     2 ||    18
Armor: Robe              |    21 |     6 ||    27
Dodge: Dodged            |    34 |    10 ||    44
